 Dungeon Crawl Stone Soup version 0.31-a0-319-g4fced400ed (webtiles) character file.

Game seed: 8864494542774626702

128 HallandMoats the Trooper (level 4, 0/37 HPs)
             Began as a Mummy Monk on July 17, 2023.
             Fell down a flight of stairs (1 damage)
             ... on level 3 of the Dungeon.
             The game lasted 00:03:34 (2334 turns).

HallandMoats the Trooper (Mummy Monk)               Turns: 2334, Time: 00:03:35

Health: 0/37       AC:  5    Str: 16    XL:     4   Next: 87%
Magic:  4/4        EV: 11    Int:  9    God:
Gold:   217        SH:  0    Dex: 14    Spells: 3/3 levels left

rFire   x . .        b - +0 morningstar
rCold   + . .        c - orb {light}
rNeg    + + +        g - +0 ring mail
rPois   ∞            (no helmet)
rElec   .            (no cloak)
rCorr   .            (no gloves)
SInv    .            (no boots)
Will    .....        (no amulet) Stlth
                     (no ring)
HPRegen 0.26/turn    (no ring)
MPRegen 0.09/turn

%: faith
@: confused, glowing
A: cold resistance 1, negative energy resistance 3, torment resistance 2, heat
vulnerability 1, in touch with death 1, no potions, faith
a: no special abilities


You were on level 3 of the Dungeon.
You visited 1 branch of the dungeon, and saw 3 of its levels.

You collected 217 gold pieces.

Inventory:

Hand Weapons
 a - a +2 hand axe of flaming
 b - a +0 morningstar (weapon)
Armour
 c - an orb of light (worn)
 g - a +0 ring mail (worn)
Jewellery
 i - a ring of wizardry
 j - an amulet of magic regeneration
Scrolls
 d - a scroll of identify {unknown}
 e - 2 scrolls of blinking {unknown}
 f - a scroll of fear {unknown}
 h - a scroll of summoning {unknown}
 k - a scroll of teleportation {unknown}
 l - a scroll of amnesia {unknown}


   Skills:
 * Level 4.1 Fighting
 * Level 3.3 Maces & Flails
 + Level 1.2 Armour
 + Level 2.8 Dodging


You had 3 spell levels left.
You didn't know any spells.
Your spell library contained the following spells:

 Spells                   Type           Power      Damage    Failure   Level
 Vhi's Electric Charge    Tloc/Air       0%         N/A       93%         3
 Arcjolt                  Conj/Air       0%         1d10      100%        5
 Plasma Beam              Fire/Air       0%         2x1d10    100%        6


Dungeon Overview and Level Annotations

Branches:
Dungeon (3/15)

Altars:
Fedhas
Wu Jian

Annotations:
D:3 1 runed translucent door, epsilonplus's ghost, amateur BaSh


Innate Abilities, Weirdness & Mutations

You are immune to poison.
Your flesh is cold resistant. (rC+)
You are immune to negative energy. (rN+++)
You are immune to unholy pain and torment.
You are vulnerable to heat. (rF-)
You are in touch with the powers of death.
You do not drink.
You have a special connection with the divine. (Faith)


Message History

Deactivating autopickup; reactivate with Ctrl-A.
The orc priest looks encouraged for a moment.
You see here a +0 club.
The orc attacks as you move away! The orc misses you.
The orc attacks as you move away! The orc misses you.
The orc attacks as you move away! The orc hits you with a +0 morningstar.
The orc attacks as you move away! The orc completely misses you.
The orc attacks as you move away! The orc hits you but does no damage.
The orc attacks as you move away! The orc hits you with a +0 morningstar.
The orc attacks as you move away! The orc closely misses you.
The orc attacks as you move away! The orc barely misses you.
The orc attacks as you move away! The orc barely misses you.
Things that are here:
a +0 spear; a gnoll skeleton The orc attacks as you move away!
The orc hits you with a +0 morningstar.
There is a stone staircase leading up here.
You see here a +0 whip.
You puncture the orc!
You kill the orc!
The orc wizard points at you and mumbles some strange words.
The puff of flame hits you. The fire burns you terribly!
There is a stone staircase leading up, spattered with blood here.
Things that are here:
a +0 morningstar; a +0 leather armour The orc priest calls down the wrath of Beogh upon you.
Beogh smites you!
* * * LOW HITPOINT WARNING * * *
The orc wizard hits you but does no damage.
Things that are here:
a +0 spear; a gnoll skeleton The orc wizard points at you and mumbles some strange words.
You are confused.
There is a stone staircase leading up, spattered with blood here.
Things that are here:
a +0 morningstar; a +0 leather armour The orc wizard casts a spell at you.
The magic dart hits you!
* * * LOW HITPOINT WARNING * * *
In your confused state, you trip and fall back down the stairs.
You die...

##...## #...>.#
#.....#
###########
#.....#
#....o..o.#
##....##
#.#######.#
#......## #o#
#.### #.#.....#
#.# #...#
#.#.....####o#
###.#
#........)@).# #.#
#.......#######
#.#
#..!....#.....#
#####{#
#.............#
#.....#
##.###.##.....#
#.###.# #.#
#.##.....# #.###o#
#.# #.##.....#
#.#...#
####.###.##.#.###
#.#.#.#
#........##.#..###
#.....#


You could see an orc wizard.

Vanquished Creatures
  4 gnolls
  3 adders
  2 dart slugs (D:1)
  An orc (D:3)
  5 ball pythons
  4 bats (D:2)
  3 endoplasms (D:1)
  4 giant cockroaches
  6 goblins (D:1)
  5 hobgoblins
  5 quokkas
  A frilled lizard (D:2)
  6 kobolds
  9 rats
58 creatures vanquished.

Notes
Turn   | Place    | Note
-------+----------+-------------------------------------------
     0 | D:1      | HallandMoats the Mummy Monk began the quest for the Orb.
     0 | D:1      | Reached XP level 1. HP: 18/18 MP: 1/1
    92 | D:1      | Reached XP level 2. HP: 24/24 MP: 2/2
   680 | D:1      | Gained mutation: You are in touch with the powers of death.
                  | [Mummy growth]
   680 | D:1      | Reached XP level 3. HP: 29/29 MP: 3/3
   857 | D:1      | Found a faded altar of an unknown god.
  1140 | D:2      | Reached skill level 1 in Armour
  1214 | D:2      | Found an ornate altar of the Wu Jian Council.
  1241 | D:2      | Reached XP level 4. HP: 31/37 MP: 4/4
  1462 | D:3      | Found a runed translucent door.
  1641 | D:3      | Found a blossoming altar of Fedhas.
  1818 | D:3      | HP: 1/37 [gnoll/+0 spear (8)]
  1960 | D:3      | Reached skill level 4 in Fighting
  2189 | D:3      | Noticed epsilonplus's ghost (amateur BaSh)
  2333 | D:3      | HP: 1/37 [orc wizard/magic dart (9)]
  2334 | D:3      | Fell down a flight of stairs

Illustrated notes

Levels and vault maps discovered:
D:1:      shiori_arrival_maze, layout_loops_ring,
          hellmonk_ecumenical_altar_prayer_group
D:2:      layout_rooms, basic_altar, amcnicky_mini_pool_small
D:3:      layout_loops_cross, fedhas_altar_fruit_tree, ebering_ghost_sewer_d

Skill      XL: |  1  2  3  4 |
---------------+-------------+-----
Maces & Flails | 3 |  3.3
Armour         | 1 |  1.2
Fighting       | 4 |  4.1
Dodging        | |  2.8

Action                     |  1- 3 |  4- 6 || total
---------------------------+-------+-------++-------
  Melee: Mace              |    55 |       ||    55
         Morningstar       |    56 |    42 ||    98
 Armour: Robe              |     5 |       ||     5
         Ring mail         |    57 |     9 ||    66
  Dodge: Dodged            |   103 |    59 ||   162

Table legend: (Time is in decaauts)
 A = Elapsed time spent in this place.
 B = Non-inter-level travel time spent in this place.
 C = Inter-level travel time spent in this place.
 D = Time resting spent in this place.
 E = Time spent auto-exploring this place.
 F = Levels seen in this place.
 G = Mean time per level.
                   A        B        C        D        E       F      G
               +--------+--------+--------+--------+--------+-----+--------+
         Total |   2384 |   2337 |     47 |    343 |   1362 |   3 |  794.7 |
       Dungeon |   2384 |   2337 |     47 |    343 |   1362 |   3 |  794.7 |
               +--------+--------+--------+--------+--------+-----+--------+

Top non-repeatable levels by time:
     D:1: 905 daAuts
     D:2: 805 daAuts
     D:3: 673 daAuts
